 Dungeon Crawl Stone Soup version 0.30-a0-743-gbfdf073431 (webtiles) character file.

Game seed: 13769883846761811702

5453 retardedninja the Gouger (level 10, -7/75 HPs)
             Began as a Felid Berserker on Feb 6, 2023.
             Was an Elder of Trog.
             Mangled by a blink frog (11 damage)
             ... on level 2 of the Lair of Beasts on Feb 7, 2023.
             The game lasted 00:42:55 (18663 turns).

retardedninja the Gouger (Felid Berserker)         Turns: 18663, Time: 00:42:56

Health: -7/75      AC:  2    Str: 14    XL:     10   Next: 41%
Magic:  11/11      EV: 25    Int:  6    God:    Trog [****..]
Gold:   692        SH:  5    Dex: 17    Spells: 9/9 levels left
                                        Lives:  0   Deaths: 2

rFire   + + .      SeeInvis +      - Unarmed
rCold   + . .      Faith    .    (shield unavailable)
rNeg    . . .      Spirit   .    (body armour unavailable)
rPois   .          Reflect  +    (helmet unavailable)
rElec   +          Harm     .    (cloak unavailable)
rCorr   +          Rampage  .    (gloves unavailable)
Will    ++++.                    (boots unavailable) Stlth
                                 r - amulet of reflection
HPRegen 1.32/turn                A - ring "Uptesup" {+Blink rElec rF+ rC+ Int-2}
MPRegen 0.12/turn                C - ring of the Saviour {rF+ Will+ rCorr Str-3}

@: berserking (expiring), strong-willed, regenerating, studying Fighting, very
quick
A: very small, claws 1, fangs 3, see invisible, speed 1, shaggy fur 2, stealthy
paws, no weapons or thrown items, no armour, multi-lived
a: Renounce Religion, Evoke Blink, Berserk, Trog's Hand, Brothers in Arms


You were on level 2 of the Lair of Beasts.
You worshipped Trog.
Trog was greatly pleased with you.
You visited 3 branches of the dungeon, and saw 15 of its levels.
You also visited: Bailey.

You collected 692 gold pieces.

Inventory:

Jewellery
 r - an amulet of reflection (around neck)
 A - the ring "Uptesup" (left paw) {+Blink rElec rF+ rC+ Int-2}
   (You found it on level 11 of the Dungeon)

   [ring of protection from fire]

   Int:       It affects your intelligence (-2).
   rF:        It protects you from fire.
   rC:        It protects you from cold.
   rElec:     It insulates you from electricity.
   +Blink:    It lets you blink.
 C - the ring of the Saviour (right paw) {rF+ Will+ rCorr Str-3}
   (You found it on level 1 of the Lair of Beasts)

   [ring of willpower]

   Str:       It affects your strength (-3).
   rF:        It protects you from fire.
   rCorr:     It protects you from acid and corrosion.
   Will:      It increases your willpower.
Wands
 b - a wand of flame (51)
 l - a wand of mindburst (7)
 m - a wand of roots (24)
Scrolls
 a - a scroll of magic mapping
 c - a scroll of vulnerability
 d - 3 scrolls of teleportation
 e - 3 scrolls of amnesia
 f - a scroll of torment
 g - 2 scrolls of enchant armour
 j - a scroll of poison
 k - 3 scrolls of fog
 q - 5 scrolls of identify
 v - 2 scrolls of silence
 w - a scroll of fear
Potions
 h - 6 potions of attraction
 i - 3 potions of flight
 n - 3 potions of lignification
 o - a potion of resistance
 z - a potion of mutation
Miscellaneous
 B - a phantom mirror (inert)


   Skills:
 * Level 9.7 Fighting
 + Level 11.6 Dodging
 + Level 11.8 Stealth
 * Level 12.3 Unarmed Combat
 + Level 6.6 Evocations


You had 9 spell levels left.
You didn't know any spells.
Your spell library was empty.

Dungeon Overview and Level Annotations

Branches:
Dungeon (12/15)            Temple (1/1) D:5            Lair (2/5) D:10
    Orc (0/2) D:11         Bailey (visited)
  Swamp: Lair:2-3    Shoals: Lair:2-3     Snake: Lair:2-3    Spider: Lair:2-3

Altars:
Ashenzari
Cheibriados
Dithmenos
Elyvilon
Fedhas
Gozag
Hepliaklqana
Kikubaaqudgha
Makhleb
Nemelex Xobeh
Okawaru
Qazlal
Ru
Sif Muna
Trog
Uskayaw
Vehumet
Wu Jian
Xom
Yredelemnul
Zin
The Shining One

Shops:
D:5 **

Portals:
Trove: D:10 (give 6 potions of haste)

Annotations:
D:12 Rupert
Lair:1 exclusion: oklob plant
Lair:2 Amaemon


Innate Abilities, Weirdness & Mutations

You have sharp claws.
You have razor-sharp teeth.
You have supernaturally acute eyesight. (SInv)
You cover ground quickly. (Speed+)
You are covered in thick fur. (AC +2)
Your paws help you pounce on unaware monsters.
You are incapable of wielding weapons or throwing items.
You cannot wear armour.
You gain extra lives every three experience levels.


Message History

Your skin crawls.
You feel strong-willed. The blink frog completely misses you.
The blink frog misses you.
The blink frog blinks!
The blink frog completely misses you. x3
A red film seems to cover your vision as you go berserk!
You feel yourself moving faster!
You feel mighty! The blink frog closely misses you. The blink frog hits you!
* * * LOW HITPOINT WARNING * * *
The blink frog completely misses you.
The blink frog blinks!
The blink frog completely misses you.
The blink frog blinks!
You miss the blink frog. Your claw misses the blink frog.
You block the blink frog's attack. x2
You miss the blink frog. Your bite misses the blink frog.
The blink frog completely misses you. x2
You barely miss the blink frog. You bite the blink frog!
The blink frog is heavily wounded.
The blink frog hits you.
* * * LOW HITPOINT WARNING * * *
The blink frog blinks!
The blink frog completely misses you. The blink frog hits you.
* * * LOW HITPOINT WARNING * * *
The blink frog misses you.
You miss the blink frog. Your claw misses the blink frog.
The blink frog is almost dead.
The blink frog closely misses you.
You miss the blink frog.
The blink frog is almost dead.
The blink frog misses you. The blink frog hits you.
* * * LOW HITPOINT WARNING * * *
The blink frog misses you.
You claw the blink frog!
You kill the blink frog!
Trog accepts your kill.
You scratch the blink frog.
The blink frog is lightly wounded.
The blink frog blinks!
You mangle the blink frog!! Your bite misses the blink frog.
The blink frog is almost dead.
You block the blink frog's attack. The blink frog hits you!
You die...

**,,~ *,~~ **,~~
*,,,~ *,,,, **,,,,
*** *,,,,,
##########.#***,,,,,
##..@F.......,,,,,,,~
#P..F§#......*,,,,,,~
##..F..#...##*,,,,,,,
#....#.....#**,,,,,,
#....##...## *,,,,,,
#....#,....#**,,,,,,
#....#,...##*,,,,,,,
#..F.##....,*,,,,,>,
#....#....****,,,,,,


You could see 4 blink frogs.

Vanquished Creatures
  Erica (Lair:1)
  2 two-headed ogres
  Nergalle (D:10)
  2 black mambas
  An orange demon (Lair:1)
  A cane toad (Lair:2)
  3 komodo dragons (Lair:1)
  2 trolls
  Grinder (D:3)
  4 blink frogs
  Sigmund (D:2)
  A shadow (D:10)
  2 vampires (D:11)
  Eustachio (D:4)
  2 wyverns
  A basilisk (D:11)
  18 yaks
  An acid dragon (D:9)
  5 water moccasins
  7 orc warriors
  2 ice beasts (D:6)
  A sky beast (D:7)
  3 wolves (Lair:1)
  3 ogres
  5 centaurs
  2 phantoms
  5 kobold brigands
  10 bullfrogs
  A gnoll sergeant (D:8)
  A scorpion (D:7)
  14 wights
  8 killer bees
  8 howler monkeys
  A crimson imp (D:9)
  6 jellies
  A gnoll bouda (D:6)
  5 hounds
  10 orc priests
  Terence (D:2)
  Jessica (D:3)
  10 orc wizards
  4 iguanas
  Natasha (thrice) (D:3)
  A mummy (D:6)
  5 adders
  9 gnolls
  3 shadow imps
  2 white imps
  3 ufetubi
  3 worms
  32 orcs
  9 ball pythons
  8 bats
  6 endoplasms
  A giant cockroach (D:1)
  8 goblins
  7 hobgoblins
  5 jackals
  39 kobolds
  2 quokkas
  6 frilled lizards
  5 rats
316 creatures vanquished.

Vanquished Creatures (collateral kills)
  A yak (Lair:1)
1 creature vanquished.

Vanquished Creatures (others)
  8 fungi
  23 plants
31 creatures vanquished.

Grand Total: 348 creatures vanquished

Notes
Turn   | Place    | Note
-------+----------+-------------------------------------------
     0 | D:1      | retardedninja the Felid Berserker began the quest for the
                  | Orb.
     0 | D:1      | Reached XP level 1. HP: 10/10 MP: 2/2
   497 | D:1      | Reached XP level 2. HP: 10/14 MP: 3/3
   734 | D:1      | Reached skill level 1 in Stealth
  1089 | D:2      | Noticed Terence
  1095 | D:2      | Killed Terence
  1096 | D:2      | Reached XP level 3. HP: 17/17 MP: 4/4
  1374 | D:2      | Reached ** piety under Trog
  1375 | D:2      | Reached XP level 4. HP: 16/21 MP: 5/5
  1733 | D:2      | Noticed Sigmund
  1749 | D:2      | Killed Sigmund
  1750 | D:2      | Reached skill level 5 in Dodging
  1750 | D:2      | Reached skill level 4 in Unarmed Combat
  1750 | D:2      | Reached XP level 5. HP: 25/25 MP: 6/6
  2904 | D:3      | Noticed Jessica
  2918 | D:3      | Killed Jessica
  2919 | D:3      | Gained mutation: You are covered in thick fur. (AC +2)
                  | [Felid growth]
  2919 | D:3      | Reached XP level 6. HP: 28/28 MP: 7/7
  3383 | D:3      | Found a blossoming altar of Fedhas.
  3520 | D:3      | Found an ornate altar of the Wu Jian Council.
  3601 | D:3      | Noticed Natasha
  3614 | D:3      | Killed Natasha
  3858 | D:3      | Noticed Natasha
  3864 | D:3      | Killed Natasha
  3865 | D:3      | Reached skill level 5 in Unarmed Combat
  3893 | D:3      | Noticed Grinder
  3903 | D:3      | Killed Grinder
  3904 | D:3      | Reached XP level 7. HP: 15/33 MP: 8/8
  4986 | D:3      | Noticed Natasha
  4996 | D:3      | Killed Natasha
  5216 | D:4      | Found a sacrificial altar of Ru.
  5328 | D:4      | Reached skill level 5 in Stealth
  5328 | D:4      | Reached skill level 6 in Unarmed Combat
  5465 | D:4      | Noticed Eustachio
  5490 | D:4      | Killed Eustachio
  5491 | D:4      | Reached skill level 5 in Fighting
  5600 | D:4      | You fall into a shaft and drop 3 floors!
  5636 | D:7      | Reached XP level 8. HP: 37/37 MP: 9/9
  6038 | D:7      | Reached skill level 7 in Unarmed Combat
  6250 | D:5      | Entered Level 5 of the Dungeon
  6250 | D:5      | Found Zatwem's Assorted Antiques.
  6271 | D:5      | Found a staircase to the Ecumenical Temple.
  6312 | D:5      | Found Liuz's Overcharged Wands.
  6671 | D:4      | Found a shadowy altar of Dithmenos.
  6842 | Temple   | Entered the Ecumenical Temple
  7348 | D:5      | Found a broken altar of Ashenzari.
  7523 | D:6      | Reached skill level 8 in Unarmed Combat
  7541 | D:6      | Reached XP level 9. HP: 29/41 MP: 10/10
  7622 | D:6      | Reached *** piety under Trog
  7898 | D:6      | Found a radiant altar of Vehumet.
  8205 | D:7      | Found an iron altar of Okawaru.
  8260 | D:7      | Found a hazy altar of Hepliaklqana.
  8338 | D:7      | Found a glowing golden altar of the Shining One.
  8509 | D:7      | Found a sparkling altar of Nemelex Xobeh.
  9926 | D:8      | Reached skill level 9 in Unarmed Combat
  9926 | D:8      | Reached skill level 1 in Evocations
 10810 | D:8      | Reached XP level 10. HP: 26/47 MP: 11/11
 10812 | D:8      | Reached **** piety under Trog
 11843 | D:9      | Noticed a two-headed ogre
 11853 | D:9      | Killed a two-headed ogre
 11854 | D:9      | Reached skill level 10 in Unarmed Combat
 12296 | D:9      | Found a flagged portal.
 12310 | Bailey   | Entered a bailey
 12672 | Bailey   | Found a large runed translucent door.
 12672 | Bailey   | Found a large runed translucent door.
 12672 | Bailey   | Noticed an orc knight
 12673 | Bailey   | Noticed a deep elf pyromancer
 13048 | D:10     | Entered Level 10 of the Dungeon
 13048 | D:10     | Found a white marble altar of Elyvilon.
 13066 | D:9      | Reached skill level 10 in Dodging
 13544 | D:10     | Reached skill level 10 in Stealth
 13970 | D:10     | Found a staircase to the Lair.
 14350 | D:10     | Found a bloodstained altar of Trog.
 14366 | D:10     | Found a portal to a secret trove of treasure.
 14524 | D:10     | Noticed Nergalle
 14542 | D:10     | Killed Nergalle
 14543 | D:10     | Reached XP level 11. HP: 35/51 MP: 12/12
 14765 | D:11     | Found an iron altar of Okawaru.
 14814 | D:10     | Reached skill level 11 in Unarmed Combat
 14929 | D:10     | Reached skill level 5 in Evocations
 15375 | D:11     | Noticed a two-headed ogre
 15384 | D:11     | Killed a two-headed ogre
 15428 | D:11     | Found a staircase to the Orcish Mines.
 16059 | D:11     | Identified the ring "Uptesup" {+Blink rElec rF+ rC+ Int-2}
 16175 | D:12     | Noticed Rupert
 16210 | Lair:1   | Entered Level 1 of the Lair of Beasts
 16926 | Lair:1   | Identified the ring of the Saviour {rF+ Will+ rCorr Str-3}
 17014 | Lair:1   | Noticed Erica
 17027 | Lair:1   | Killed Erica
 17086 | Lair:1   | Mangled by a komodo dragon
 17087 | Lair:1   | Reached XP level 10. HP: -11/49 MP: 11/11
 17259 | Lair:1   | Noticed an oklob plant
 17285 | Lair:1   | Noticed a black mamba
 17295 | Lair:1   | Killed a black mamba
 17296 | Lair:1   | Reached skill level 12 in Unarmed Combat
 17675 | Lair:1   | Identified a scroll of acquirement
 17676 | Lair:1   | Acquired a manual of Fighting
 17741 | Lair:1   | Reached XP level 11. HP: 47/53 MP: 12/12
 18008 | Lair:1   | HP: 1/53 [yak (13)]
 18379 | Lair:2   | Noticed Amaemon
 18397 | Lair:1   | Asphyxiated
 18398 | Lair:1   | Reached XP level 10. HP: -2/49 MP: 11/11
 18428 | Lair:1   | Killed an orange demon
 18505 | Lair:2   | Killed a black mamba
 18557 | Lair:2   | Noticed a cane toad
 18561 | Lair:2   | Killed a cane toad
 18660 | Lair:2   | HP: 2/73 [blink frog (3)]
 18663 | Lair:2   | Mangled by a blink frog

Illustrated notes

Levels and vault maps discovered:
D:1:      nzn_arrival_water_spiral, layout_loops_ring
D:2:      layout_basic, grunt_ministairs_13, serial_bayou_pond_d, uniq_sigmund,
          uniq_terence
D:3:      layout_loops_ring, mainiacjoe_overflow_cross_hatched, fedhas_altar_2,
          serial_glass, glass_columns_a, glass_columns_b, glass_columns_b,
          glass_columns_a, glass_columns_a, glass_columns_a, uniq_jessica,
          uniq_grinder, uniq_natasha
D:4:      layout_rooms, lemuel_crystal_altar, general_overflow_altar,
          uniq_eustachio
D:5:      layout_loops_ring, mainiacjoe_overflow_alcove_2,
          minmay_temple_entry_butterflies, serial_shops, shop, eino_curves_02,
          nicolae_shop_overcharged_wands
D:6:      layout_rooms, lemuel_coloured_pillars_altar,
          gup_ossuary_entry_pyramid, minmay_misc_feat_chi
D:7:      layout_basic, nemelex_dance_club_becter,
          nicolae_hepliaklqana_hazy_memory, tso_metal_star, kennysheep_mini_moat
D:8:      layout_basic
D:9:      layout_basic, enter_bailey_2, serial_park_tiny_2,
          minmay_fire_ice_demons
D:10:     layout_cross, overflow_temple_1_default, lemuel_crystal_altar,
          lair_entry_dummy, nicolae_trove_entry_diagonal, st_stairs_14,
          nicolae_benzene_ring, uniq_nergalle
D:11:     layout_rooms, orc_0_dummy, okawaru_gym_becter
D:12:     layout_cave_pools, st_stairs_14, uniq_rupert, uniq_sonja
Temple:   hellmonk_temple_rainy
Lair:1:   minmay_lair_oklob_tunnel, layout_regular_city,
          chequers_serial_rivers_small_b, grunt_megastairs_2, uniq_erica
Lair:2:   layout_long_grid, special_room [special_room_bee],
          lemuel_old_faithful, uniq_amaemon

Skill      XL: |  1  2  3  4  5  6  7  8  9 10 11 |
---------------+----------------------------------+-----
Stealth        | 1 2 3 4 5 7 8 10 11 | 11.8
Fighting       | 4 5 6 7 9 |  9.7
Dodging        | 5 6 8 9 10 11 | 11.6
Unarmed Combat | 4 5 6 8 9 12 11 | 12.3
Evocations     | 2 4 6 |  6.6

Action                     |  1- 3 |  4- 6 |  7- 9 | 10-12 || total
---------------------------+-------+-------+-------+-------++-------
  Melee: Unarmed           |    75 |    97 |   386 |   494 ||  1052
         Bite              |     8 |    13 |    33 |    68 ||   122
         Punch             |     3 |     1 |    14 |    35 ||    53
 Invoke: Berserk           |     1 |     3 |     7 |    12 ||    23
         Trog's Hand       |       |       |     1 |     4 ||     5
  Evoke: Wand              |       |       |     2 |     6 ||     8
         Phantom mirror    |       |       |       |     1 ||     1
    Use: Potion            |     2 |     1 |     8 |    10 ||    21
         Scroll            |       |     4 |    11 |    12 ||    27
   Stab: Sleeping          |     5 |     1 |     9 |     8 ||    23
         Distracted        |       |     1 |     1 |       ||     2
         Invisible         |       |       |     2 |       ||     2
 Armour: Skin              |     7 |     4 |    26 |    37 ||    74
  Dodge: Dodged            |    56 |    68 |   287 |   506 ||   917
  Block: Other             |       |       |    61 |   121 ||   182
         Reflection        |       |       |     2 |     5 ||     7

Table legend: (Time is in decaauts)
 A = Elapsed time spent in this place.
 B = Non-inter-level travel time spent in this place.
 C = Inter-level travel time spent in this place.
 D = Time resting spent in this place.
 E = Time spent auto-exploring this place.
 F = Levels seen in this place.
 G = Mean time per level.
                   A        B        C        D        E       F      G
               +--------+--------+--------+--------+--------+-----+--------+
         Total |  17097 |  16764 |    333 |   8965 |   4361 |  16 | 1068.6 |
       Dungeon |  14383 |  14100 |    283 |   7355 |   3918 |  12 | 1198.6 |
        Temple |     22 |     11 |     11 |      0 |      7 |   1 |   22.0 |
          Lair |   2310 |   2272 |     38 |   1342 |    436 |   2 | 1155.0 |
        Bailey |    381 |    381 |      0 |    267 |      0 |   1 |  381.0 |
               +--------+--------+--------+--------+--------+-----+--------+

Top non-repeatable levels by time:
     D:3: 2195 daAuts
     D:7: 2137 daAuts
  Lair:1: 2099 daAuts
    D:10: 1704 daAuts
     D:8: 1678 daAuts
     D:2: 1652 daAuts
     D:9: 1230 daAuts
     D:1: 960 daAuts
    D:11: 798 daAuts
     D:4: 689 daAuts
     D:6: 668 daAuts
     D:5: 656 daAuts
  Bailey: 381 daAuts
  Lair:2: 210 daAuts
  Temple: 22 daAuts
